Map: Prion Terraces

Players

Nerchio - Winner!

  • Race: Zerg Zerg
  • League: Grandmaster

Lilbow

  • Race: Protoss Protoss

Event: DreamHack ROCCAT LotV Championship

VOD

Have the link to the VOD?

Description

Time

  • Played on: Nov. 26, 2015, 11:24 a.m.
  • Length: 7:01

All games in this series

Show
View Real Time Build Order
Export as new Build Order

Nerchio Zerg - Winner!

Build Orders: Hatch First 

Get SALT Encoding   

  12  0:01  Drone  
  13  0:12  Overlord  
  13  0:17  Drone  
  14  0:31  Drone x2  
  14  0:34  Drone  
  17  0:53  Hatchery  
  17  0:55  Drone  
  17  0:58  Drone  
  18  1:12  Spawning Pool  
  18  1:14  Drone  
  18  1:17  Drone  
  19  1:37  Hatchery  
  18  1:40  Drone  
  18  1:45  Drone, Extractor  
  19  1:58  Zergling x2, Queen  
  22  2:10  Drone x2  
  22  2:11  Drone  
  25  2:17  Zergling x2  
  26  2:23  Queen  
  26  2:28  Overlord  
  28  2:33  Overlord  
  28  2:45  Metabolic Boost  
  28  2:50  Drone  
  28  2:51  Drone x4  
  33  2:54  Drone  
  34  2:58  Evolution Chamber  
  34  3:00  Drone x2  
  34  3:04  Drone  
  36  3:07  Drone x2  
  36  3:11  Drone x2  
  41  3:12  Drone  
  41  3:18  Zergling x2  
  41  3:19  Queen  
  43  3:22  Zergling x2  
  43  3:26  Zergling x2  
  45  3:28  Zergling x2  
  45  3:31  Zergling x2  
  45  3:32  Zergling x4  
  49  3:39  Roach Warren  
  48  3:45  Zergling x2  
  48  3:46  Overlord  
  49  3:54  Overlord x2  
  49  4:07  Zergling x4  
  51  4:11  Overlord  
  51  4:16  Drone x4  
  51  4:17  Drone x4, Overlord  
  59  4:19  Lair  
  59  4:20  Zerg Melee Weapons Level 1  
  59  4:21  Extractor  
  59  4:22  Overlord x2  
  58  4:28  Overlord x2  
  57  4:38  Roach  
  57  4:39  Roach x2  
  57  4:43  Drone x3  
  57  4:45  Extractor  
  64  4:48  Roach  
  64  4:50  Queen x2  
  70  4:54  Roach  
  70  4:55  Extractor  
  70  4:58  Roach  
  72  5:02  Roach  
  74  5:08  Roach  
  74  5:10  Overlord  
  74  5:15  Roach x2  
  74  5:17  Roach  
  74  5:21  Zergling x24  
  80  5:28  Overlord  
  90  5:35  Ravager x2  
  92  5:36  Extractor  
  92  5:40  Roach x4  
  92  5:41  Queen x2  
  103  5:47  Roach x2  
  103  5:48  Roach  
  103  5:49  Zergling x2  
  110  5:53  Roach x2  
  110  5:55  Zergling x2  
  115  6:01  Zergling x2  
  115  6:02  Zergling x4  
  109  6:04  Roach x2  
  109  6:07  Zergling x4  
  109  6:08  Zergling x2  
  109  6:10  Zergling x2  
  105  6:14  Roach  
  105  6:15  Zergling x4  
  105  6:16  Zergling x2  
  105  6:23  Zergling x4  
  103  6:27  Zergling x2  
  101  6:33  Zergling x2  
  101  6:34  Zergling x2  
  101  6:38  Zergling x2  
  104  6:42  Ravager x4  
  104  6:43  Ravager  
Show
View Real Time Build Order
Export as new Build Order

Lilbow Protoss 

Build Orders: Nexus First 

Get SALT Encoding   

  12  0:01  Probe (Chrono Boost)  
  13  0:11  Probe (Chrono Boost)  
  14  0:17  Pylon  
  14  0:22  Probe (Chrono Boost)  
  15  0:35  Probe (Chrono Boost)  
  16  0:46  Probe (Chrono Boost)  
  17  0:56  Probe (Chrono Boost)  
  18  1:01  Nexus  
  18  1:07  Probe (Chrono Boost)  
  19  1:12  Gateway  
  19  1:17  Probe (Chrono Boost)  
  20  1:21  Assimilator  
  20  1:28  Probe (Chrono Boost), Assimilator  
  21  1:38  Probe (Chrono Boost)  
  22  1:43  Pylon  
  22  1:49  Probe (Chrono Boost)  
  22  1:53  Gateway  
  23  2:02  Probe (Chrono Boost)  
  23  2:03  Cybernetics Core  
  24  2:11  Zealot  
  26  2:16  Probe (Chrono Boost)  
  26  2:20  Probe (Chrono Boost)  
  28  2:26  Probe (Chrono Boost)  
  29  2:31  Probe (Chrono Boost)  
  29  2:37  Probe (Chrono Boost)  
  31  2:40  Adept (Chrono Boost)  
  31  2:41  Mothership Core (Chrono Boost), Warp Gate (Chrono Boost)  
  31  2:42  Adept (Chrono Boost)  
  37  2:50  Probe  
  38  3:02  Probe, Pylon  
  38  3:04  Probe, Adept (Chrono Boost)  
  42  3:06  Adept (Chrono Boost)  
  44  3:14  Probe  
  44  3:16  Probe  
  46  3:23  Robotics Facility  
  46  3:26  Probe  
  47  3:28  Probe  
  48  3:38  Probe  
  49  3:41  Stalker (Chrono Boost)  
  49  3:44  Stalker (Chrono Boost), Gateway  
  49  3:46  Pylon  
  53  3:50  Pylon  
  53  3:57  Gateway  
  53  3:59  Gateway  
  53  4:10  Immortal (Chrono Boost)  
  57  4:21  Gateway  
  53  4:42  Adept x2  
  53  4:43  Probe  
  62  4:45  Immortal (Chrono Boost)  
  62  4:56  Stalker  
  62  4:58  Zealot x2  
  68  5:15  Gateway, Pylon x2  
  68  5:16  Gateway  
  68  5:17  Gateway  
  68  5:19  Warp Prism (Chrono Boost)  
  70  5:28  Pylon  
  70  5:35  Stalker  
  70  5:36  Stalker x2  
  70  5:38  Zealot x2  
  80  5:47  Pylon  
  80  5:50  Observer (Chrono Boost)  
  80  5:56  Zealot  
  83  6:00  Zealot x2  
  79  6:07  Zealot x3  
  76  6:13  Zealot  
  52  6:35  Adept  
  52  6:36  Adept x2  
  52  6:37  Stalker  
  52  6:38  Adept x3, Zealot  
  52  6:39  Adept  

Tags
 
Add a new tag
Caveats
  • Supply blocks, unpowered buildings, or Contaminate may cause inaccurate times.
  • Supply counts are checked every 10 seconds.